 Dungeon Crawl Stone Soup version 0.27-a0-991-gbc1d1cc (webtiles) character file.

Game seed: 8334454311534094916

1833 Shadowblade the Conjurer (level 8, -4/58 HPs)
             Began as a Demonspawn Hedge Wizard on Apr 15, 2021.
             Was an Initiate of Sif Muna.
             Slain by a centaur warrior zombie (5 damage)
             ... on level 7 of the Dungeon.
             The game lasted 00:14:34 (9244 turns).

Shadowblade the Conjurer (Demonspawn Hedge Wizard)  Turns: 9244, Time: 00:14:35

Health: -4/58      AC:  2    Str: 16    XL:     8   Next: 86%
Magic:  0/17       EV: 14    Int: 18    God:    Sif Muna [......]
Gold:   551        SH:  0    Dex: 13    Spells: 14/20 levels left

rFire    + . .     SeeInvis .   G - +1 dagger (venom)
rCold    + . .     Faith    .   (no shield)
rNeg     . . .     Spirit   .   b - +0 robe
rPois    .         Reflect  .   c - +0 hat
rElec    .         Harm     .   x - scarf {rC+ rF+}
rCorr    .         Rampage  .   (no gloves)
Will     .....                  (no boots)
Stlth    ++........             (no amulet)
HPRegen  0.19/turn              f - +6 ring of strength
MPRegen  0.15/turn              (no ring)

@: no status effects
A: horns 1, repulsion field 1, foul stench 1, powered by pain 1
a: Renounce Religion


You were on level 7 of the Dungeon.
You worshipped Sif Muna.
Sif Muna was noncommittal.
You visited 1 branch of the dungeon, and saw 7 of its levels.

You collected 551 gold pieces.

Inventory:

Hand Weapons
 a - a +0 dagger
 D - a +0 vampiric long sword
 G - a +1 dagger of venom (weapon)
Missiles
 B - a throwing net
Armour
 b - a +0 robe (worn)
 c - a +0 hat (worn)
 x - a scarf of resistance (worn)
Magical Staves
 l - a staff of earth
 w - a staff of death
Jewellery
 f - a +6 ring of strength (left hand)
 t - a ring of ice
Wands
 r - a wand of flame (37)
 E - a wand of polymorph (9)
Scrolls
 i - a scroll of teleportation {unknown}
 j - 2 scrolls of amnesia {unknown}
 m - a scroll of fear {unknown}
 q - a scroll of brand weapon {unknown}
 s - 7 scrolls of identify {unknown}
 v - 3 scrolls of noise {unknown}
 y - 2 scrolls of enchant armour {unknown}
 A - a scroll of acquirement {unknown}
 C - a scroll of fog {unknown}
 F - a scroll of silence {unknown}
Potions
 d - a potion of mutation {unknown}
 e - 2 potions of haste
 g - 3 potions of attraction {unknown}
 h - 2 potions of brilliance {unknown}
 k - 2 potions of curing
 n - a potion of resistance {unknown}
 o - a potion of heal wounds
 p - a potion of might {unknown}
 u - a potion of lignification {unknown}
 z - a potion of magic {unknown}


   Skills:
 + Level 3.4 Fighting
 + Level 1.1 Short Blades
 + Level 2.6 Dodging
 + Level 3.7 Stealth
 + Level 6.6 Spellcasting
 * Level 7.5 Conjurations
 + Level 1.0 Summonings
 + Level 0.8 Translocations
 + Level 0.2 Air Magic
 + Level 0.1 Poison Magic


You had 14 spell levels left.
You knew the following spells:

 Your Spells              Type           Power      Damage    Failure   Level
a - Magic Dart            Conj           100%       1d8       1%          1
b - Mephitic Cloud        Conj/Pois/Air  15%        N/A       12%         3
c - Searing Ray           Conj           66%        3d5       1%          2

Your spell library contained the following spells:

 Spells                   Type           Power      Damage    Failure   Level
 Conjure Flame            Conj/Fire      19%        6-21      7%          3
 Dazzling Flash           Conj/Hex       38%        N/A       7%          3
 Blink                    Tloc           N/A        N/A       12%         2
 Call Imp                 Summ           9%         N/A       12%         2
 Slow                     Hex            5%         N/A       17%         2
 Iskenderun's Mystic Bla  Conj/Tloc      21%        2d6       21%         4
 Gell's Gravitas          Tloc           4%         N/A       24%         3
 Fulminant Prism          Conj/Hex       9%         3d7       24%         4
 Confusing Touch          Hex            5%         N/A       34%         3
 Petrify                  Tmut/Erth      5%         N/A       75%         4
 Metabolic Englaciation   Hex/Ice        2%         N/A       97%         5
 Yara's Violent Unravell  Hex/Tmut       2%         3d3       97%         5


Dungeon Overview and Level Annotations

Branches:
Dungeon (7/15)
 Temple: D:4-7

Altars:
Fedhas
Sif Muna
Vehumet

Annotations:
D:4 exclusion: oklob plant
D:6 2 runed translucent doors, Menkaure


Innate Abilities, Weirdness & Mutations

You have a pair of small horns on your head.
You are surrounded by a mild repulsion field. (EV +2)
You may rarely emit foul miasma when damaged in melee.
You sometimes gain a little power by taking damage.


Message History

The centaur warrior zombie kicks you but does no damage.
You hit the centaur warrior zombie.
You headbutt the centaur warrior zombie.
The centaur warrior zombie is almost destroyed.
The centaur warrior zombie hits you.
* * * LOW HITPOINT WARNING * * *
The centaur warrior zombie kicks you but does no damage.
You barely miss the centaur warrior zombie.
You headbutt the centaur warrior zombie, but do no damage.
The centaur warrior zombie is almost destroyed.
The centaur warrior zombie hits you.
* * * LOW HITPOINT WARNING * * *
The centaur warrior zombie barely misses you.
The centaur warrior zombie hits you.
* * * LOW HITPOINT WARNING * * *
The centaur warrior zombie closely misses you.
Casting: Searing Ray (safe; 1% risk of failure)
Confirm with . or Enter, or press ? or * to list all spells.
Aiming: Magic Dart (safe; 1% risk of failure)
Press: ? - help, Shift-Dir - straight line, f/p - centaur warrior zombie
Aim: a centaur warrior zombie (foul pestilence, almost destroyed, 100% to hit)
The magic dart hits the centaur warrior zombie.
The centaur warrior zombie is almost destroyed.
The centaur warrior zombie closely misses you.
The centaur warrior zombie kicks you but does no damage.
Casting: Magic Dart (safe; 1% risk of failure)
Confirm with . or Enter, or press ? or * to list all spells.
Aiming: Magic Dart (safe; 1% risk of failure)
Press: ? - help, Shift-Dir - straight line, f/p - centaur warrior zombie
Aim: a centaur warrior zombie (foul pestilence, almost destroyed, 100% to hit)
The magic dart hits the centaur warrior zombie but does no damage.
The centaur warrior zombie is almost destroyed.
The centaur warrior zombie hits you.
* * * LOW HITPOINT WARNING * * *
The centaur warrior zombie kicks you.
* * * LOW HITPOINT WARNING * * *
You hit the centaur warrior zombie but do no damage.
The centaur warrior zombie is almost destroyed.
The centaur warrior zombie hits you.
You die...

#.# #### #.#
...##########.#####
..........[...##..
.....########.##.#
......#######.##.#
.................#
...##.####.#####Z#
...........# #@#
...#.#####.# #)#
...#.## #.# #)#
......# ##.# #)#
...#.#...... ..#
...<....#### .##
...#.#.## . .#.....
.. .#.#####


You could see a centaur warrior zombie.

Vanquished Creatures
  Sigmund (D:3)
  A steam dragon (D:5)
  A sky beast (D:5)
  A black bear (D:5)
  A necrophage (D:5)
  3 ogres
  2 bullfrogs (D:6)
  A scorpion (D:4)
  A water moccasin skeleton (D:6)
  2 hounds (D:6)
  A gnoll shaman (D:7)
  3 jellies (D:6)
  4 orc priests
  Ijyb (D:3)
  2 iguanas
  3 orc wizards
  A killer bee zombie (D:5)
  2 hound skeletons (D:4)
  Robin (D:2)
  3 gnolls (D:7)
  A howler monkey zombie (D:5)
  10 adders
  A shadow imp (D:6)
  A white imp (D:3)
  An ufetubus (D:6)
  A worm (D:4)
  5 dart slugs
  12 orcs
  7 ball pythons
  11 bats
  5 endoplasms
  4 giant cockroaches
  15 goblins
  12 hobgoblins
  9 jackals
  9 kobolds
  6 quokkas
  A frilled lizard (D:1)
  5 rats
151 creatures vanquished.

Vanquished Creatures (others)
  48 fungi (D:4)
  63 plants (D:4)
111 creatures vanquished.

Grand Total: 262 creatures vanquished

Notes
Turn   | Place    | Note
-------+----------+-------------------------------------------
     0 | D:1      | Shadowblade the Demonspawn Hedge Wizard began the quest for
                  | the Orb.
     0 | D:1      | Reached XP level 1. HP: 13/13 MP: 4/4
   358 | D:1      | Gained mutation: You have a pair of small horns on your
                  | head. [demonic ancestry]
   358 | D:1      | Reached XP level 2. HP: 13/19 MP: 3/6
  1388 | D:2      | Gained mutation: You are surrounded by a mild repulsion
                  | field. (EV +2) [demonic ancestry]
  1388 | D:2      | Reached XP level 3. HP: 21/24 MP: 5/8
  1659 | D:2      | Found a faded altar of an unknown god.
  1844 | D:2      | Reached skill level 2 in Conjurations
  2621 | D:3      | Gained mutation: You sometimes gain a little power by
                  | taking damage. [demonic ancestry]
  2621 | D:3      | Reached XP level 4. HP: 30/30 MP: 7/9
  2748 | D:3      | Noticed Robin
  3013 | D:2      | Killed Robin
  3353 | D:3      | Noticed Sigmund
  3394 | D:2      | Learned a level 3 spell: Mephitic Cloud
  3525 | D:3      | Killed Sigmund
  3526 | D:3      | Reached skill level 1 in Fighting
  3526 | D:3      | Reached skill level 3 in Conjurations
  3526 | D:3      | Reached XP level 5. HP: 38/38 MP: 8/11
  3635 | D:3      | Gained mutation: You may rarely emit foul miasma when
                  | damaged in melee. [demonic ancestry]
  3635 | D:3      | Reached XP level 6. HP: 41/44 MP: 1/12
  3858 | D:3      | Noticed Ijyb
  3870 | D:3      | Killed Ijyb
  4961 | D:4      | Reached skill level 4 in Conjurations
  5670 | D:4      | Reached XP level 7. HP: 12/50 MP: 1/14
  5965 | D:4      | Found a blossoming altar of Fedhas.
  6141 | D:4      | Reached skill level 5 in Spellcasting
  6141 | D:4      | Reached skill level 5 in Conjurations
  6206 | D:4      | Noticed an oklob plant
  6527 | D:5      | Entered Level 5 of the Dungeon
  7100 | D:5      | Found a shimmering blue altar of Sif Muna.
  7141 | D:5      | Became a worshipper of Sif Muna the Loreminder
  7300 | D:5      | Reached skill level 6 in Conjurations
  7561 | D:6      | Reached XP level 8. HP: 58/58 MP: 10/16
  7945 | D:5      | Reached skill level 1 in Short Blades
  7945 | D:5      | Reached skill level 7 in Conjurations
  8153 | D:6      | Found a radiant altar of Vehumet.
  8498 | D:6      | Found a large runed translucent door.
  8502 | D:6      | Found a large runed translucent door.
  8503 | D:6      | Noticed Menkaure
  9215 | D:7      | Learned a level 2 spell: Searing Ray
  9243 | D:7      | HP: 2/58 [centaur warrior zombie (4)]
  9244 | D:7      | Slain by a centaur warrior zombie

Illustrated notes

Levels and vault maps discovered:
D:1:      lightli_arrival_flooded_house, layout_loops_ring
D:2:      wad_river_or_something, layout_basic, basic_ecumenical_altar,
          solitary_fountain
D:3:      layout_loops_corners, minmay_quadrilaterals, uniq_robin, uniq_ijyb,
          uniq_sigmund
D:4:      layout_basic, tgw_fedhas, st_stairs_3, minmay_cut_off
D:5:      layout_rooms, amcnicky_altar_gilded
D:6:      layout_cave_pools, old_standard_altar, jmf_multi_god_temple2,
          uniq_menkaure
D:7:      layout_loops_ring, minmay_temple_entry_nine_rooms

Skill      XL: |  1  2  3  4  5  6  7  8 |
---------------+-------------------------+-----
Stealth        | 2 3 |  3.7
Dodging        | 2 |  2.6
Conjurations   | 2 3 4 6 7 |  7.5
Spellcasting   | 4 5 6 |  6.6
Fighting       | 1 2 3 |  3.4
Short Blades   | 1 |  1.1
Summonings     | |  1.0
Translocations | |  0.8
Air Magic      | |  0.2
Poison Magic   | |  0.1

Action                   |  1- 3 |  4- 6 |  7- 9 || total
-------------------------+-------+-------+-------++-------
Melee: Dagger            |    30 |    62 |    60 ||   152
       Headbutt          |     2 |    12 |    18 ||    32
 Cast: Magic Dart        |    97 |   147 |   204 ||   448
       Mephitic Cloud    |       |     4 |     4 ||     8
       Searing Ray       |       |       |     4 ||     4
  Use: Potion            |       |       |     3 ||     3
 Stab: Sleeping          |     3 |     2 |       ||     5
       Confused          |       |     4 |     2 ||     6
       Distracted        |       |       |     1 ||     1
Armor: Robe              |     7 |    13 |    15 ||    35
Dodge: Dodged            |    20 |    67 |    86 ||   173

Table legend: (Time is in decaauts)
 A = Elapsed time spent in this place.
 B = Non-inter-level travel time spent in this place.
 C = Inter-level travel time spent in this place.
 D = Time resting spent in this place.
 E = Time spent auto-exploring this place.
 F = Levels seen in this place.
 G = Mean time per level.
                   A        B        C        D        E       F      G
               +--------+--------+--------+--------+--------+-----+--------+
         Total |   9250 |   9063 |    187 |   1424 |   6413 |   7 | 1321.4 |
       Dungeon |   9250 |   9063 |    187 |   1424 |   6413 |   7 | 1321.4 |
               +--------+--------+--------+--------+--------+-----+--------+

Top non-repeatable levels by time:
     D:3: 1891 daAuts
     D:2: 1777 daAuts
     D:4: 1690 daAuts
     D:5: 1283 daAuts
     D:1: 1274 daAuts
     D:6: 1266 daAuts
     D:7: 67 daAuts
